 Dungeon Crawl Stone Soup version 0.27-a0-1135-g81dfa19a63 (webtiles) character file.

Game seed: 14883418255780805035

402 DarkShadow the Shield-Bearer (level 6, 0/53 HPs)
             Began as a Minotaur Fighter on May 4, 2021.
             Slain by an ogre
             ... wielding a +0 giant club
              (20 damage)
             ... on level 5 of the Dungeon.
             The game lasted 00:06:49 (3473 turns).

DarkShadow the Shield-Bearer (Minotaur Fighter)     Turns: 3473, Time: 00:06:50

Health: 0/53       AC:  8    Str: 23    XL:     6   Next: 55%
Magic:  4/4        EV:  8    Int:  5    God:
Gold:   175        SH: 11    Dex:  9    Spells: 5/5 levels left

rFire    + . .     SeeInvis .   a - +1 long sword
rCold    . . .     Faith    .   c - +1 kite shield
rNeg     + . .     Spirit   .   b - +0 scale mail
rPois    .         Reflect  .   (helmet restricted)
rElec    .         Harm     .   (no cloak)
rCorr    .         Rampage  .   t - +0 pair of gloves
Will     .....     Clarity  +   (no boots)
Stlth    ..........             r - amulet of regeneration
HPRegen  1.17/turn              m - +4 ring of slaying
MPRegen  0.09/turn              n - ring of positive energy

@: no status effects
A: horns 2, retaliatory headbutt, clarity, fire resistance 1, low mp 1, no
potion heal 1
a: no special abilities


You were on level 5 of the Dungeon.
You visited 1 branch of the dungeon, and saw 5 of its levels.

You collected 175 gold pieces.

Inventory:

Hand Weapons
 a - a +1 long sword (weapon)
Armour
 b - a +0 scale mail (worn)
 c - a +1 kite shield (worn)
 t - a +0 pair of gloves (worn)
Jewellery
 m - a +4 ring of slaying (left hand)
 n - a ring of positive energy (right hand)
 r - an amulet of regeneration (around neck)
Scrolls
 e - a scroll of immolation
 q - a scroll of amnesia
Potions
 d - a potion of might
 f - 2 potions of curing
 g - a potion of haste
 l - 3 potions of heal wounds
 s - a potion of attraction


   Skills:
 + Level 4.7 Fighting
 + Level 5.5 Long Blades
 + Level 5.1 Armour
 - Level 0.2 Dodging
 + Level 5.6 Shields


You had 5 spell levels left.
You didn't know any spells.
Your spell library was empty.

Dungeon Overview and Level Annotations

Branches:
Dungeon (5/15)
 Temple: D:4-7

Altars:
Qazlal


Innate Abilities, Weirdness & Mutations

You have a pair of horns on your head.
You reflexively headbutt those who attack you in melee.
You possess an exceptional clarity of mind.
Your flesh is heat resistant. (rF+)
Your magical capacity is low. (-10% MP)
Potions are less effective at restoring your health.


Message History

You feel a bit more experienced.
Things that are here:
a +0 dagger; a +0 robe You see here a +0 club.
Things that are here:
a +0 dagger; a +0 short sword; a +0 leather armour
Things that are here:
a +0 dagger; a +0 robe You see here a +0 club.
Found a stone staircase leading up.
You now have 175 gold pieces (gained 13).
Found an escape hatch in the ceiling.
A centaur comes into view.
The centaur shouts!
You hear a shout!
The centaur wields a +2 vorpal shortbow.
The centaur shoots an arrow.
The arrow hits you but does no damage.
The centaur moves out of view.
Found a stone staircase leading down.
A centaur is nearby!
No reachable target in view!
A centaur is nearby!
An ogre comes into view. It is wielding a +0 giant club.
Something hits the bush but does no damage.
Something kicks the bush but does no damage.
Something hits the bush but does no damage.
Something kicks the bush but does no damage.
The centaur wields a +2 vorpal shortbow.
The centaur shoots an arrow.
You block the arrow.
The centaur shoots an arrow.
The arrow barely misses you.
Found 7 boomerangs of dispersal.
The centaur shoots an arrow.
You block the arrow.
The centaur shoots an arrow.
The arrow hits you.
The centaur shoots an arrow.
The arrow hits you!
The centaur shoots an arrow.
The arrow hits you!
The centaur shoots an arrow.
The arrow hits you.
You slash the ogre! Your headbutt misses the ogre.
The ogre is moderately wounded.
The centaur shoots an arrow.
You block the arrow.
The ogre hits you with a +0 giant club!!
You die...

#.# #.#####..#....#
... #<..........#
... ######.#....#
....# #..#+#.#
....# #######.#.# #
# #.....#...#.# ...
+...........#
....#...........#
.........@###.#.#
.........O# .#.#
..........# ...#
.....#P#..###...#.#
.....#c#.....<....#
.... #(#..........#
... #.#..........#
... ≈.≈...#......#
.≈≈≈......#....


You could see an ogre and a centaur.

Vanquished Creatures
  A jelly (D:4)
  A bullfrog skeleton (D:5)
  An iguana (D:5)
  2 orc wizards
  A killer bee zombie (D:5)
  A hound zombie (D:5)
  4 gnolls (D:5)
  6 adders
  An adder zombie (D:5)
  An adder skeleton (D:4)
  5 worms
  3 dart slugs (D:1)
  15 orcs
  9 ball pythons
  5 endoplasms
  5 giant cockroaches
  4 goblins
  9 hobgoblins
  6 jackals
  8 kobolds
  A quokka (D:2)
  8 bats
  3 frilled lizards
  6 rats
106 creatures vanquished.

Notes
Turn   | Place    | Note
-------+----------+-------------------------------------------
     0 | D:1      | DarkShadow the Minotaur Fighter began the quest for the
                  | Orb.
     0 | D:1      | Reached XP level 1. HP: 19/19 MP: 0/0
   321 | D:1      | Reached XP level 2. HP: 27/27 MP: 1/1
  1000 | D:1      | Reached XP level 3. HP: 33/33 MP: 2/2
  1413 | D:2      | Reached XP level 4. HP: 27/40 MP: 3/3
  1770 | D:2      | Found a faded altar of an unknown god.
  2129 | D:3      | Found a stormy altar of Qazlal.
  2774 | D:4      | Reached XP level 5. HP: 41/46 MP: 4/4
  2952 | D:3      | Reached skill level 5 in Shields
  3294 | D:4      | Gained mutation: Potions are less effective at restoring
                  | your health. [potion of mutation]
  3294 | D:4      | Gained mutation: You possess an exceptional clarity of
                  | mind. [potion of mutation]
  3294 | D:4      | Gained mutation: Your magical capacity is low. (-10% MP)
                  | [potion of mutation]
  3294 | D:4      | Gained mutation: Your flesh is heat resistant. (rF+)
                  | [potion of mutation]
  3308 | D:5      | Entered Level 5 of the Dungeon
  3355 | D:5      | Reached skill level 5 in Long Blades
  3357 | D:5      | Reached XP level 6. HP: 47/53 MP: 4/4
  3413 | D:5      | Reached skill level 5 in Armour
  3473 | D:5      | Slain by an ogre

Illustrated notes

Levels and vault maps discovered:
D:1:      dpeg_arrival_round_b, layout_basic
D:2:      layout_loops_corners, chequers_ecumenical_altar_simple,
          minmay_tromino_i4
D:3:      layout_loops_ring, old_standard_altar
D:4:      layout_rooms
D:5:      gammafunk_cloud_chamber, layout_basic, nicolae_ashenzari_skybound,
          gammafunk_ghost_necromancy, serial_bayou_pond_e,
          kb_lookout_dungeons_type

Skill      XL: |  1  2  3  4  5  6 |
---------------+-------------------+-----
Armour         | 4 5 |  5.1
Fighting       | 4 |  4.7
Shields        | 4 5 |  5.6
Long Blades    | 3 4 5 |  5.5
Dodging        | |  0.2

Action                   |  1- 3 |  4- 6 || total
-------------------------+-------+-------++-------
Melee: Long sword        |    87 |   122 ||   209
       Headbutt          |    13 |    19 ||    32
  Use: Scroll            |       |    11 ||    11
       Potion            |       |     1 ||     1
Armor: Scale mail        |    45 |    65 ||   110
Dodge: Dodged            |    33 |    36 ||    69
Block: Kite shield       |    62 |    84 ||   146
       Rpst.: Long sword |     9 |     5 ||    14

Table legend: (Time is in decaauts)
 A = Elapsed time spent in this place.
 B = Non-inter-level travel time spent in this place.
 C = Inter-level travel time spent in this place.
 D = Time resting spent in this place.
 E = Time spent auto-exploring this place.
 F = Levels seen in this place.
 G = Mean time per level.
                   A        B        C        D        E       F      G
               +--------+--------+--------+--------+--------+-----+--------+
         Total |   3559 |   3514 |     45 |    232 |   2647 |   5 |  711.8 |
       Dungeon |   3559 |   3514 |     45 |    232 |   2647 |   5 |  711.8 |
               +--------+--------+--------+--------+--------+-----+--------+

Top non-repeatable levels by time:
     D:1: 1217 daAuts
     D:2: 928 daAuts
     D:3: 873 daAuts
     D:4: 361 daAuts
     D:5: 178 daAuts
